 Dungeon Crawl Stone Soup version 0.20-a0-1122-gb7cbeb9 (webtiles) character file.

4876 RumaTero the Tainter (level 10, -14/75 HPs)
             Began as a White Draconian Venom Mage on May 14, 2017.
             Was a Believer of Hepliaklqana.
             Killed from afar by a fire dragon (35 damage)
             ... with a blast of flame
             ... on level 9 of the Dungeon.
             The game lasted 00:49:38 (10659 turns).

RumaTero the Tainter (White Draconian Venom Mage)  Turns: 10659, Time: 00:49:38

Health: -14/75     AC: 12    Str: 11    XL:     10   Next: 26%
Magic:  19/19      EV: 12    Int: 18    God:    Hepliaklqana [**....]
Gold:   270        SH:  5    Dex: 12    Spells: 5/21 levels left

rFire    . . .     SeeInvis .   e - +2 flail (venom)
rCold    + . .     Gourm    .   k - +0 buckler (curse)
rNeg     . . .     Faith    .   (armour unavailable)
rPois    .         Spirit   .   (helmet restricted)
rElec    .         Reflect  .   J - +0 cloak
rCorr    .         Harm     .   L - +2 pair of gloves
MR       +....                  K - +0 pair of boots
Stlth    ++........             (no amulet)
Regen    0.3/turn               l - ring of protection from magic
MPRegen  0.2/turn               (no ring)

@: short of breath
A: breathe frost, unfitting armour, reduced essence, cold resistance 1,
cold-blooded, AC +7
a: Breathe Frost, Recall Ancestor, Ancestor Identity, Renounce Religion


You were on level 9 of the Dungeon.
You worshipped Hepliaklqana.
Hepliaklqana was pleased with you.
You were not hungry.

You visited 2 branches of the dungeon, and saw 11 of its levels.

You collected 426 gold pieces.
You spent 156 gold pieces at shops.

Inventory:

Hand Weapons
 b - a +0 blowgun
 e - a +2 flail of venom (weapon)
 n - a +0 hunting sling
 t - a +1 vampiric trident
Missiles
 i - 235 stones (quivered)
 v - 17 poisoned needles
Armour
 k - a cursed +0 buckler (worn)
 z - a scarf of cloud immunity
 J - a +0 cloak (worn)
 K - a +0 pair of boots (worn)
 L - a +2 pair of gloves (worn)
Jewellery
 l - a ring of protection from magic (left hand)
Wands
 o - a wand of paralysis (7/24)
 p - a wand of iceblast (6/15)
Scrolls
 d - 3 scrolls of recharging
 j - 2 scrolls of random uselessness {unknown}
 r - 2 scrolls of blinking
 y - 2 scrolls of remove curse
 B - 3 scrolls of magic mapping
Potions
 c - 2 potions of mutation
 f - 3 potions of curing
 g - 4 potions of lignification
 q - 3 potions of brilliance
 u - 2 potions of flight {unknown}
 x - a potion of ambrosia {unknown}
 A - 3 potions of might
 G - a potion of invisibility {unknown}
 I - a potion of heal wounds {unknown}
Books
 a - a Young Poisoner's Handbook

   Spells                             Type                      Level
   a - Sting                          Conjuration/Poison           1
   b - Poisonous Vapours              Poison/Air                   2
   c - Mephitic Cloud                 Conjuration/Poison/Air       3
   d - Olgreb's Toxic Radiance        Poison                       4
   e - Venom Bolt                     Conjuration/Poison           5
 F - a book of Battle

   Spells                             Type                      Level
   a - Infusion                       Charms                       1
   b - Shroud of Golubria             Charms/Translocation         2
   c - Song of Slaying                Charms                       2
   d - Spectral Weapon                Hexes/Charms                 3
   e - Regeneration                   Charms/Necromancy            3
Comestibles
 m - 2 meat rations
 s - 11 bread rations
 E - 6 fruits


   Skills:
 + Level 6.6 Fighting
 - Level 4.1 Maces & Flails
 + Level 3.8 Polearms
 - Level 1.7 Dodging
 - Level 1.7 Stealth
 - Level 4.9 Shields
 + Level 6.2 Spellcasting
 + Level 5.7 Conjurations
 - Level 8.0 Poison Magic


You had 5 spell levels left.
You knew the following spells:

 Your Spells              Type           Power        Failure   Level  Hunger
a - Sting                 Conj/Pois      ####         1%          1    None
b - Mephitic Cloud        Conj/Pois/Air  ###.....     5%          3    ##.....
c - Olgreb's Toxic Radia  Pois           ####....     4%          4    ####...
d - Regeneration          Chrm/Necr      #.........   34%         3    ##.....
e - Venom Bolt            Conj/Pois      ####......   19%         5    #####..


Dungeon Overview and Level Annotations

Branches:
Dungeon (10/15)            Temple (1/1) D:5             Orc (0/2) D:10
   Lair: D:8-11

Altars:
Ashenzari
Cheibriados
Dithmenos
Elyvilon
Fedhas
Gozag
Hepliaklqana
Kikubaaqudgha
Makhleb
Nemelex Xobeh
Okawaru
Qazlal
Ru
Sif Muna
Trog
Uskayaw
Vehumet
Wu Jian
Xom
Yredelemnul
Zin
The Shining One

Shops:
D:4 !}(   D:8 }

Annotations:
D:7 exclusions: skeleton and 2 wights
D:9 Erica


Innate Abilities, Weirdness & Mutations

You can breathe waves of freezing cold.
You can buffet flying creatures when you breathe cold.
Your icy white scales are hard. (AC +7)
You cannot fit into any form of body armour.
Your flesh is cold resistant. (rC+)
You are cold-blooded and may be slowed by cold attacks.
Your life essence is reduced. (-10% HP)


Message History

You sock the fire dragon!
Your tail-slap misses the fire dragon.
The fire dragon is moderately wounded.
Kheti hits the fire dragon but does no damage.
Kheti drains the fire dragon!
The fire dragon breathes flames at you. The blast of flame hits you!
You hit the fire dragon.
Your tail-slap misses the fire dragon.
The fire dragon is moderately wounded.
The fire dragon bites you. The fire dragon claws you!
* * * LOW HITPOINT WARNING * * *
The fire dragon closely misses you.
Kheti hits the fire dragon with a dagger of draining.
The fire dragon misses you. You block the fire dragon's attack.
The fire dragon barely misses you.
Kheti hits the fire dragon but does no damage.
Kheti drains the fire dragon!
Okay, then.
The fire dragon breathes flames at you. The blast of flame hits you!
You die...

#
################..##
#...DR†.).).).......
#.[...@)...[[)[.....
#.############......
#.# ...... #.# .....
#)########## ...<.
#........... ....
#........... ....
#..........p
#...........


You could see the friendly Kheti the hexer and a fire dragon.

Vanquished Creatures
  Pikel (D:9)
  Prince Ribbit (D:8)
  A hippogriff (D:7)
  A spriggan (D:8)
  An ice beast (D:6)
  An orc warrior (D:9)
  2 phantoms (D:6)
  2 slaves (D:9)
  A black bear (D:7)
  2 ogres
  A sky beast (D:5)
  3 wolves (D:8)
  A centaur (D:6)
  Blork the orc (D:5)
  2 bullfrogs (D:8)
  A water moccasin zombie (D:7)
  2 scorpions
  2 killer bees (D:10)
  2 wights (D:7)
  2 howler monkeys
  A bullfrog zombie (D:5)
  A crimson imp (D:6)
  2 hounds
  5 orc wizards
  2 bullfrog skeletons
  3 orc priests
  A gnoll shaman (D:7)
  Crazy Yiuf (D:5)
  Jessica (D:2)
  A centaur skeleton (D:7)
  3 iguanas
  6 worker ants
  Terence (D:3)
  2 hound skeletons
  13 adders
  8 gnolls
  A howler monkey skeleton (D:6)
  A white imp (D:6)
  2 oozes
  An adder skeleton (D:4)
  5 worms
  2 dart slugs
  4 leopard geckos
  32 orcs
  2 ball pythons (D:1)
  7 bats
  2 giant cockroaches
  5 goblins
  7 hobgoblins
  6 jackals
  A quokka (D:2)
  3 frilled lizards
  7 kobolds
  5 rats
174 creatures vanquished.

Vanquished Creatures (collateral kills)
  Grinder (D:5)
  A hippogriff (D:8)
  Grum (D:8)
  An ice beast (D:8)
  An ogre (D:6)
  An orc warrior (D:7)
  A centaur (D:7)
  A bullfrog (D:6)
  A scorpion (D:9)
  A killer bee (D:10)
  2 crimson imps (D:6)
  A quasit (D:7)
  A centaur skeleton (D:6)
  A hound (D:6)
  2 jellies
  2 gnolls (D:6)
  An adder (D:8)
  An adder skeleton (D:6)
  A goblin (D:9)
22 creatures vanquished.

Vanquished Creatures (others)
  2 slaves (D:9)
  A bullfrog (D:8)
  A hexer (D:9)
  5 ancestors
  A goblin (D:9)
10 creatures vanquished.

Grand Total: 206 creatures vanquished

Notes
Turn   | Place    | Note
-------+----------+-------------------------------------------
     0 | D:1      | RumaTero the Draconian Venom Mage began the quest for the Orb.
     0 | D:1      | Reached XP level 1. HP: 14/14 MP: 3/3
   351 | D:1      | Reached XP level 2. HP: 20/20 MP: 1/5
   652 | D:1      | You fall through a shaft!
   652 | D:2      | Noticed Jessica
   655 | D:2      | Killed Jessica
   655 | D:2      | Reached skill level 4 in Poison Magic
   655 | D:2      | Reached XP level 3. HP: 26/26 MP: 3/6
  1317 | D:2      | Learned a level 3 spell: Mephitic Cloud
  1340 | D:2      | Reached XP level 4. HP: 29/33 MP: 3/7
  2105 | D:3      | Learned a level 4 spell: Olgreb's Toxic Radiance
  2853 | D:3      | Reached skill level 5 in Poison Magic
  2853 | D:3      | Reached XP level 5. HP: 18/38 MP: 3/8
  3245 | D:3      | Noticed Terence
  3271 | D:3      | Killed Terence
  3564 | D:3      | Reached skill level 6 in Poison Magic
  3764 | D:3      | Reached XP level 6. HP: 32/45 MP: 0/9
  3987 | D:4      | Found Acoshatebe's Weapon Boutique.
  4245 | D:4      | Found a stormy altar of Qazlal.
  4247 | D:4      | Noticed an air elemental
  4248 | D:4      | Noticed a fire elemental
  4248 | D:4      | Noticed a water elemental
  4488 | D:4      | Found Huluqaso's Distillery.
  4496 | D:4      | Bought a potion of haste for 120 gold pieces
  4496 | D:4      | Bought a potion of curing for 36 gold pieces
  4808 | D:4      | Found Goidd's Gadget Emporium.
  5057 | D:5      | Entered Level 5 of the Dungeon
  5128 | D:5      | Noticed Prince Ribbit
  5414 | D:5      | Reached skill level 7 in Poison Magic
  5732 | D:5      | Noticed Blork the orc
  5768 | D:5      | Killed Blork the orc
  5768 | D:5      | Reached skill level 1 in Fighting
  5874 | D:5      | Found a runed door.
  6042 | D:5      | Found a staircase to the Ecumenical Temple.
  6048 | Temple   | Entered the Ecumenical Temple
  6133 | Temple   | Became a worshipper of Hepliaklqana the Forgotten
  6217 | D:5      | Noticed a sky beast
  6229 | D:5      | Killed a sky beast
  6229 | D:5      | Your scales start taking on an icy white colour.
  6229 | D:5      | Reached XP level 7. HP: 29/46 MP: 3/11
  6229 | D:5      | Gained mutation: Your flesh is cold resistant. (rC+) [White Draconian growth]
  6466 | D:5      | Noticed Crazy Yiuf
  6473 | D:5      | Killed Crazy Yiuf
  6778 | D:6      | Reached skill level 1 in Polearms
  7013 | D:6      | Reached XP level 8. HP: 26/56 MP: 7/13
  7034 | D:6      | Reached skill level 8 in Poison Magic
  7039 | D:6      | Learned a level 3 spell: Regeneration
  7255 | D:6      | Found a shadowy altar of Dithmenos.
  7434 | D:6      | Noticed Grinder
  7438 | D:6      | Paralysed by Grinder for 5 turns
  7451 | D:5      | Killed Grinder
  8095 | D:6      | Learned a level 5 spell: Venom Bolt
  8299 | D:6      | Found a glowing silver altar of Zin.
  8300 | D:6      | Found a bloodstained altar of Trog.
  8303 | D:6      | Found a hide-covered altar of Uskayaw.
  8442 | D:7      | Reached * piety under Hepliaklqana
  8638 | D:7      | Reached skill level 5 in Spellcasting
  8643 | D:7      | Reached skill level 1 in Maces & Flails
  8718 | D:7      | Noticed a hippogriff
  8732 | D:7      | Killed a hippogriff
  8732 | D:7      | Reached skill level 5 in Fighting
  8732 | D:7      | Reached XP level 9. HP: 52/66 MP: 6/16
  8739 | D:7      | Found a basalt altar of Yredelemnul.
  9285 | D:7      | Reached skill level 1 in Shields
  9688 | D:8      | Found Wyojit's Gadget Boutique.
  9836 | D:8      | Noticed Grum
  9849 | D:8      | Killed Grum
  9987 | D:8      | Reached skill level 5 in Conjurations
 10035 | D:8      | Killed Prince Ribbit
 10232 | D:8      | Found a radiant altar of Vehumet.
 10257 | D:8      | Reached XP level 10. HP: 60/74 MP: 2/19
 10324 | D:8      | You fall through a shaft for 2 floors!
 10324 | D:10     | Entered Level 10 of the Dungeon
 10359 | D:9      | Reached ** piety under Hepliaklqana
 10373 | D:9      | Remembered your ancestor Kheti as a hexer
 10480 | D:9      | Noticed Pikel
 10491 | D:9      | Killed Pikel
 10529 | D:9      | Noticed Erica
 10638 | D:9      | Noticed a fire dragon
 10659 | D:9      | Killed from afar by a fire dragon

Vault maps used:
D:1:      lightli_arrival_boilingwater
D:2:      first_bread, uniq_jessica
D:3:      uniq_terence
D:4:      serial_shops, shop, kennysheep_little_box, shop,
          nicolae_qazlal_style_of_elements
D:5:      temple_green, nrook_mini_backslash, uniq_blork_the_orc,
          uniq_prince_ribbit1, uniq_crazy_yiuf_cottage
D:6:      minitemple, grunt_dithmenos_shadows, minmay_fire_ice_demons,
          uniq_grinder
D:7:      lemuel_round_altar, serial_glass, glass_columns_a, glass_columns_b
D:8:      fiery_altar_vehumet, serial_shops, nicolae_shop_crystal, the_bakery,
          uniq_grum
D:9:      serial_shops, shop_statue, kennysheep_mini_moat, shop, enter_bailey_3,
          uniq_erica, uniq_pikel
D:10:     orc_0_dummy
Temple:   nicolae_temple_elliptical

Skill      XL: |  1  2  3  4  5  6  7  8  9 10 |
---------------+-------------------------------+-----
Poison Magic   | 4 5 6 7 8 |  8.0
Conjurations   | 2 4 5 |  5.7
Fighting       | 1 3 5 6 |  6.6
Spellcasting   | 3 5 6 |  6.2
Polearms       | 1 3 |  3.8
Maces & Flails | 1 3 4 |  4.1
Shields        | 4 |  4.9
Dodging        | |  1.7
Stealth        | |  1.7

Action                   |  1- 3 |  4- 6 |  7- 9 | 10-12 || total
-------------------------+-------+-------+-------+-------++-------
Melee: Unarmed           |    69 |   130 |       |       ||   199
       Tailslap          |     4 |    19 |     6 |     5 ||    34
       Glaive            |       |     4 |    89 |       ||    93
       Flail             |       |       |   109 |    37 ||   146
 Fire: Blowgun           |       |    19 |       |       ||    19
Throw: Stone             |       |    25 |     9 |       ||    34
 Cast: Sting             |    54 |   144 |    10 |     4 ||   212
       Mephitic Cloud    |       |     6 |     2 |       ||     8
       Olgreb's Toxic Ra |       |     8 |    32 |     8 ||    48
Invok: Recall Ancestor   |       |       |     2 |     1 ||     3
       Ancestor Life: He |       |       |       |     1 ||     1
 Abil: Breathe Frost     |       |       |       |     1 ||     1
Evoke: Wand              |       |       |       |     3 ||     3
  Use: Scroll            |       |       |    14 |     1 ||    15
       Potion            |       |       |     2 |       ||     2
 Stab: Confused          |       |     5 |       |       ||     5
       Sleeping          |       |     1 |     1 |       ||     2
  Eat: Chunk             |     2 |    14 |     7 |     3 ||    26
       Royal jelly       |       |     1 |       |       ||     1
       Meat ration       |       |     1 |     2 |       ||     3
Armor: Skin              |    31 |    48 |    92 |    22 ||   193
Dodge: Dodged            |    54 |    93 |   132 |    38 ||   317
Block: Buckler           |       |       |       |     5 ||     5
